 Dungeon Crawl Stone Soup version 0.16.0-16-g311141a (webtiles) character file.

244 ProjectEKO the Skirmisher (level 6, -9/61 HPs)
             Began as a Naga Gladiator on Mar 19, 2015.
             Mangled by an orc warrior
             ... wielding a +0 dire flail
              (16 damage)
             ... on level 5 of the Dungeon.
             The game lasted 00:09:13 (3794 turns).

ProjectEKO the Skirmisher (Naga Gladiator)          Turns: 3794, Time: 00:09:13

Health: -9/61      AC:  6    Str: 17    XL:     6   Next: 10%
Magic:  6/6        EV:  5    Int: 11    God:
Gold:   119        SH:  7    Dex: 11    Spells: 0 memorised, 5 levels left

rFire  . . .     SeeInvis +     B - +0 flail
rCold  . . .     Clarity  .     y - +0 scale mail (curse)
rNeg   . . .     SustAb   +     u - +0 shield
rPois  +         Gourm    .     c - +0 helmet
rElec  .         Spirit   .     (no cloak)
rCorr  .         Warding  .     (no gloves)
rMut   +         Stasis   .     (no barding)
MR     .....                    z - amulet of resist mutation
Stlth  ..........               (no ring)
                                m - ring of sustain abilities

@: very slow, not resistant to hostile enchantments, extremely unstealthy
A: spit poison, see invisible, deformed body, poison resistance, slowness 2, AC
+2
a: Spit Poison


You were on level 5 of the Dungeon.
You were not hungry.

You visited 1 branch of the dungeon, and saw 5 of its levels.

You collected 189 gold pieces.
You spent 70 gold pieces at shops.


Innate Abilities, Weirdness & Mutations

You cannot wear boots.
You can spit poison.
Your serpentine skin is tough (AC +2).
You have supernaturally acute eyesight.
Armour fits poorly on your strangely shaped body.
Your system is resistant to poisons.
You cover ground very slowly.


   Skills:
 + Level 5.2 Fighting
   Level 4.4 Staves
 - Level 1.7 Throwing
 - Level 2.4 Dodging


You had 5 spell levels left.
You didn't know any spells.

Inventory:

Hand weapons
 B - a +0 flail (weapon)
Missiles
 d - 3 throwing nets
 l - 18 stones (quivered)
 A - 5 tomahawks of returning
Armour
 c - a +0 helmet (worn)
 u - a +0 shield (worn)
 y - a cursed +0 scale mail (worn)
Jewellery
 m - a ring of sustain abilities (left hand)
 z - an amulet of resist mutation (around neck)
Scrolls
 b - a scroll of amnesia
 g - a scroll of remove curse
 h - 2 scrolls of identify
 k - a scroll of recharging
 v - a scroll of teleportation
 C - a scroll of random uselessness {unknown}
Potions
 a - a potion of agility {unknown}
 e - a potion of lignification {!q}
 i - 3 potions of curing
 j - 2 potions of magic
 n - a potion of cancellation {unknown}
 o - a potion of restore abilities {unknown}
 p - a potion of experience {unknown}
 s - 3 potions of haste
 t - a potion of might {unknown}
 w - a potion of heal wounds
Books
 r - a book of Debilitation

   Spells                             Type                      Level
   a - Corona                         Hexes                        1
   b - Slow                           Hexes                        2
   c - Inner Flame                    Hexes/Fire                   3
   d - Enslavement                    Hexes                        4
   e - Cause Fear                     Hexes                        4
   f - Leda's Liquefaction            Hexes/Earth                  4
Comestibles
 f - 2 bread rations
 q - 2 slices of pizza
 x - a meat ration

Dungeon Overview and Level Annotations

Branches:
Dungeon (5/15)
 Temple: D:4-7

Altars:
Dithmenos
Elyvilon
Fedhas
Gozag
Nemelex Xobeh
Qazlal

Shops:
D:4

!
#............)....#.#.#.#.
#.........................
#.........................
####'####+##..............
#.....#...+..............
#.....#...#..............
#...>.'...#<.............
####+###o##...........###
.......oN...##+####'###_#
.......ooo..# #.....#'#
...........# +........
...........# #........
...........+ #........
..........# ##.......
######+### ########


You could see an orc warrior and 4 orcs.


Message History

There are monsters nearby!
Butt block the orc's attack.
You hit the orc but do no damage. The orc hits you but does no butt.
You closely miss the butt warrior.
Butt block the orc's attack.
The orc warrior hits you with a dire flail.
The orc hits you but does butt damage. The orc butts you with a club.
You closely miss the orc butt. You block the orc warrior's attack.
The orc hits butt but does no damage.
The orc hits you but does no damage.
You butt the orc warrior but do no damage.
The orc barely misses you. The orc hits you but does no damage.
The orc warrior hits you with a dire flail.
The orc completely misses you.
Your shield prevents you from hitting the orc warrior.
The orc hits you with a mace. You block the orc's attack.
The orc hits you but does no damage. You block the orc warrior's attack.
The orc hits butt but butts no damage.
You block the orc's attack. The orc hits you with a club.
You closely miss the orc. The orc barely misses you.
The orc warrior hits you with a butt flail!!
* * * LOW HITPOINT WARNING * * *
The orc hits you with a falchion.
* * * LOW BUTT WARNING * * *
The orc hits you but does no damage. The orc barely misses you.
You barely miss the orc. You block the orc's attack.
The orc warrior hits you with a dire flail!
* * * LOW HITPOINT WARNING * * *
You block the orc's attack. The orc barely misses you.
The orc barely misses you.
The orc warrior hits you with a dire flail!
You die...

Action                   |  1- 3 |  4- 6 || total
-------------------------+-------+-------++-------
Melee: Quarterstaff      |    71 |    35 ||   106
       Whip              |       |    57 ||    57
       Flail             |       |    19 ||    19
Throw: Stone             |     5 |       ||     5
       Throwing net      |     1 |       ||     1
 Abil: Spit Poison       |       |     2 ||     2
  Use: Scroll            |     8 |     4 ||    12
  Eat: Chunk             |     2 |     7 ||     9

Vault maps used:
D:1:      elethiomel_arrival_maze
D:2:      grunt_temple_overflow_opulence
D:3:      grunt_temple_overflow_forces_of_nature, first_bread,
          nicolae_dithmenos_shadow_blocks
D:4:      elyvilon_altar_1, serial_shops, nicolae_shop_crystal
D:5:      kennysheep_mini, minmay_misc_feat_doors

Notes
Turn   | Place    | Note
--------------------------------------------------------------
     0 | D:1      | ProjectEKO, the Naga Gladiator, began the quest for the Orb.
     0 | D:1      | Reached XP level 1. HP: 19/19 MP: 1/1
   140 | D:1      | Reached XP level 2. HP: 22/27 MP: 2/2
   753 | D:2      | Reached XP level 3. HP: 33/33 MP: 3/3
   774 | D:2      | Found a sparkling altar of Nemelex Xobeh.
   774 | D:2      | Found an opulent altar of Gozag.
  1564 | D:3      | Noticed axaxaxas' ghost (weakling DgFi)
  1569 | D:3      | Killed axaxaxas' ghost
  1569 | D:3      | Reached skill level 3 in Fighting
  1569 | D:3      | Reached skill level 4 in Staves
  1569 | D:3      | Reached XP level 4. HP: 21/42 MP: 4/4
  1570 | D:3      | Found a shadowy altar of Dithmenos.
  1947 | D:3      | Found a blossoming altar of Fedhas.
  1950 | D:3      | Found a stormy altar of Qazlal.
  2001 | D:3      | Reached XP level 5. HP: 39/49 MP: 5/5
  2411 | D:3      | Reached skill level 4 in Fighting
  2684 | D:4      | Found Kebon's Distillery.
  2691 | D:4      | Bought a potion of heal wounds for 70 gold pieces
  3004 | D:4      | Found a white marble altar of Elyvilon.
  3417 | D:5      | Entered Level 5 of the Dungeon
  3423 | D:5      | Reached skill level 5 in Fighting
  3423 | D:5      | Reached XP level 6. HP: 59/61 MP: 6/6
  3598 | D:5      | Found a shadowy altar of Dithmenos.
  3786 | D:5      | Noticed an orc warrior
  3794 | D:5      | Mangled by an orc warrior

Vanquished Creatures
  The ghost of axaxaxas the Skirmisher, a weakling DgFi (D:3)
  An iguana (D:4)
  An orc wizard (D:4)
  A worker ant (D:5)
  A gnoll (D:3)
  3 adders
  A giant mite (D:1)
  2 worms
  4 giant geckos
  An ooze (D:1)
  5 orcs
  A giant cockroach (D:2)
  8 goblins
  5 hobgoblins
  3 jackals (D:3)
  6 kobolds
  5 bats
  2 giant newts (D:1)
  11 rats
62 creatures vanquished.

Vanquished Creatures (others)
  A fungus (D:3)
1 creature vanquished.

Grand Total: 63 creatures vanquished
